 Dungeon Crawl Stone Soup version 0.29.1-1-gd02db6906a (webtiles) character file.

Game seed: 18259601257071039766

3005 virigoth the Grappler (level 9, -17/89 HPs)
             Began as a Troll Fighter on Sept 20, 2022.
             Was a Follower of Wu Jian.
             Collided with a rock wall (19 damage)
             ... caused by Erica
             ... on level 8 of the Dungeon.
             The game lasted 00:20:00 (4884 turns).

virigoth the Grappler (Troll Fighter)               Turns: 4884, Time: 00:20:00

Health: -17/89     AC:  9    Str: 26    XL:     9   Next: 54%
Magic:  8/8        EV:  8    Int: 14    God:    Wu Jian [*.....]
Gold:   407        SH:  8    Dex:  9    Spells: 8/8 levels left

rFire   . . .      SeeInvis +     - Unarmed
rCold   . . .      Faith    .   b - +0 kite shield
rNeg    . . .      Spirit   .   z - +0 swamp dragon scales
rPois   +          Reflect  .   (helmet restricted)
rElec   .          Harm     .   (no cloak)
rCorr   .          Rampage  .   (gloves unavailable)
Will    .....                   (boots unavailable)
Stlth   ..........              (no amulet)
HPRegen 1.04/turn               d - +6 ring of intelligence
MPRegen 0.11/turn               A - ring of see invisible

@: lethally poisoned (-17 -> -20), slowed, studying Polearms, very slow
A: large, unfitting armour, claws 3, regeneration 1, shaggy fur 1, tough skin 1
a: Renounce Religion


You were on level 8 of the Dungeon.
You worshipped Wu Jian.
Wu Jian was aware of your devotion.
You visited 2 branches of the dungeon, and saw 10 of its levels.

You collected 407 gold pieces.

Inventory:

Hand Weapons
 w - a +1 mace of holy wrath
 D - a +2 dagger of chaos
Missiles
 a - 16 poisoned darts
 j - 2 boomerangs
 p - 3 javelins (quivered)
 q - 3 large rocks
Armour
 b - a +0 kite shield (worn)
 s - an orb of energy
 x - a +1 robe of positive energy
 z - +0 swamp dragon scales (worn)
Jewellery
 d - a +6 ring of intelligence (left claw)
 u - a ring of protection from cold
 A - a ring of see invisible (right claw)
Wands
 y - a wand of light (12)
Scrolls
 f - a scroll of butterflies {unknown}
 g - 2 scrolls of enchant armour {unknown}
 i - 5 scrolls of identify
 k - 3 scrolls of teleportation {unknown}
 l - 3 scrolls of immolation {unknown}
 m - 3 scrolls of summoning {unknown}
 n - 2 scrolls of torment {unknown}
 r - 3 scrolls of noise {unknown}
 B - a scroll of fear {unknown}
 C - a scroll of magic mapping {unknown}
Potions
 c - 2 potions of might
 e - 5 potions of curing
 h - a potion of magic
 o - a potion of heal wounds {unknown}
 t - 2 potions of mutation
 v - a potion of attraction {unknown}


   Skills:
 + Level 6.1 Fighting
 - Level 2.4 Dodging
 + Level 6.6 Shields
 * Level 9.7 Unarmed Combat


You had 8 spell levels left.
You didn't know any spells.
Your spell library contained the following spells:

 Spells                   Type           Power      Damage    Failure   Level
 Apportation              Tloc           0%         N/A       67%         1
 Alistair's Intoxication  Tmut/Pois      0%         N/A       100%        5


Dungeon Overview and Level Annotations

Branches:
Dungeon (9/15)             Temple (1/1) D:5
   Lair: D:8-11         Orc: D:9-12

Altars:
Ashenzari
Cheibriados
Dithmenos
Elyvilon
Fedhas
Gozag
Hepliaklqana
Kikubaaqudgha
Nemelex Xobeh
Okawaru
Qazlal
Ru
Sif Muna
Trog
Uskayaw
Vehumet
Wu Jian
Xom
Yredelemnul
Zin
The Shining One

Shops:
D:7 *

Annotations:
D:4 1 runed translucent door, Dowan; Duvessa; Grinder; groovy9's ghost, novice FoHu
D:8 Erica; Gastronok


Innate Abilities, Weirdness & Mutations

You are too large for most types of armour.
You have claws for hands.
Your natural rate of healing is unusually fast.
You are covered in fur. (AC +1)
You have tough skin. (AC +1)


Message History

Erica is moderately wounded.
You feel extremely sick.
Erica hits you with a +4 scimitar of flaming!
Erica burns you.
You feel very sick. You block Erica's attack.
You closely miss Erica.
Erica is moderately wounded.
You feel very sick. Erica gestures at you while chanting.
You are confused.
Erica attacks as you move away!
Erica hits you with a +4 scimitar of flaming!
Erica burns you.
You feel very sick.
Erica hits you with a +4 scimitar of flaming!
* * * LOW HITPOINT WARNING * * *
Erica burns you.
* * * LOW HITPOINT WARNING * * *
You feel better. Erica casts a spell at you.
You struggle to resist.
You claw Erica!
Erica is moderately wounded.
You block Erica's attack.
Erica looks angry.
Erica gestures at you while chanting. The bolt of poison hits you.
You are poisoned.
You resist.
* * * LOW HITPOINT WARNING * * *
You mangle Erica!!
Erica is severely wounded.
You feel very sick. Erica gestures at you while chanting.
The lance of force hits you!
* * * LOW HITPOINT WARNING * * *
You are knocked back by the lance of force.
You slam into the rock wall!
You die...

#.. #.# #.# #.#
#.# #.#
####.###### .#
####........@#
.#
##.##[##......#
.#
#.#...#######.#
.####.#### #.#
..###.# #.#
......# #@#
..###.# ##.###
..# #.# #w...#
#.###.#
#.w(.(....#


You could see Gastronok and Erica (empowered, invisible).

Vanquished Creatures
  Maggie (D:6)
  Psyche (D:8)
  Sigmund (D:6)
  A wyvern (D:5)
  A steam dragon (D:7)
  Menkaure (D:7)
  A water moccasin (D:5)
  An orc warrior (D:7)
  A sky beast (D:6)
  4 ogres
  A kobold brigand (D:7)
  A phantom (D:5)
  Blork the orc (D:5)
  A bullfrog (D:7)
  3 wights
  3 scorpions
  A howler monkey (D:6)
  A jelly (D:6)
  4 orc priests
  5 hounds
  An iron imp (D:6)
  An iguana (D:5)
  Terence (D:2)
  3 orc wizards
  8 adders
  An ufetubus (D:5)
  A worm (D:2)
  A dart slug (D:5)
  19 orcs
  6 endoplasms
  2 giant cockroaches
  7 goblins
  4 hobgoblins
  8 jackals
  2 quokkas
  3 ball pythons (D:2)
  5 bats
  8 kobolds
  3 rats
118 creatures vanquished.

Vanquished Creatures (others)
  5 dream sheep (D:5)
5 creatures vanquished.

Grand Total: 123 creatures vanquished

Notes
Turn   | Place    | Note
-------+----------+-------------------------------------------
     0 | D:1      | virigoth the Troll Fighter began the quest for the Orb.
     0 | D:1      | Reached XP level 1. HP: 22/22 MP: 0/0
    61 | D:1      | Found a faded altar of an unknown god.
    72 | D:1      | Reached XP level 2. HP: 29/29 MP: 1/1
   323 | D:2      | Noticed Terence
   328 | D:2      | Killed Terence
   329 | D:2      | Reached skill level 3 in Unarmed Combat
   329 | D:2      | Reached XP level 3. HP: 28/36 MP: 2/2
   495 | D:2      | Identified the +0 leather armour of Dramatic Exits {Harm
                  | rF+}
  1036 | D:3      | Reached XP level 4. HP: 44/44 MP: 3/3
  1621 | D:3      | Reached XP level 5. HP: 52/53 MP: 4/4
  1658 | D:3      | Noticed Grinder
  1700 | D:3      | Paralysed by Grinder for 3 turns
  1708 | D:4      | Paralysed by Grinder for 4 turns
  1762 | D:3      | Reached skill level 4 in Unarmed Combat
  1930 | D:5      | Entered Level 5 of the Dungeon
  1934 | D:4      | Found a runed translucent door.
  1941 | D:4      | Noticed groovy9's ghost (novice FoHu)
  2189 | D:4      | Noticed Dowan
  2189 | D:4      | Noticed Duvessa
  2305 | D:5      | Noticed Blork the orc
  2316 | D:5      | Reached XP level 6. HP: 41/61 MP: 5/5
  2318 | D:5      | Killed Blork the orc
  2319 | D:5      | Reached skill level 5 in Unarmed Combat
  2409 | D:5      | Found a staircase to the Ecumenical Temple.
  2426 | D:7      | Noticed a troll
  2439 | Temple   | Entered the Ecumenical Temple
  2609 | Temple   | Became a worshipper of the Wu Jian Council
  3077 | D:5      | Noticed a wyvern
  3083 | D:5      | Killed a wyvern
  3084 | D:5      | Reached XP level 7. HP: 56/70 MP: 6/6
  3088 | D:5      | Reached skill level 6 in Unarmed Combat
  3404 | D:5      | Noticed a dream sheep
  3404 | D:5      | Noticed a dream sheep
  3404 | D:5      | Noticed a dream sheep
  3404 | D:5      | Noticed a dream sheep
  3404 | D:5      | Noticed a dream sheep
  3404 | D:5      | Found a shimmering altar of Xom.
  3408 | D:5      | Killed a dream sheep
  3408 | D:5      | Killed a dream sheep
  3408 | D:5      | Killed a dream sheep
  3409 | D:5      | Killed a dream sheep
  3409 | D:5      | Killed a dream sheep
  3591 | D:6      | Reached skill level 5 in Shields
  3591 | D:6      | Reached XP level 8. HP: 53/79 MP: 7/7
  3656 | D:6      | Reached skill level 7 in Unarmed Combat
  3671 | D:6      | Noticed Sigmund
  3680 | D:6      | Killed Sigmund
  3721 | D:6      | Found a snail-covered altar of Cheibriados.
  3913 | D:6      | Reached skill level 5 in Fighting
  4091 | D:6      | Reached * piety under Wu Jian
  4093 | D:7      | Found Xuphueme's Elemental Accessories.
  4098 | D:6      | Noticed Maggie
  4112 | D:6      | Killed Maggie
  4113 | D:6      | Reached skill level 8 in Unarmed Combat
  4367 | D:6      | Reached XP level 9. HP: 55/86 MP: 8/8
  4535 | D:7      | Reached skill level 9 in Unarmed Combat
  4553 | D:7      | Identified the +7 quarterstaff "Xicviats" {elec, rC- rCorr
                  | Int+4 Dex+6}
  4675 | D:7      | Noticed Menkaure
  4682 | D:7      | Killed Menkaure
  4841 | D:8      | Noticed Psyche
  4854 | D:8      | Killed Psyche
  4871 | D:8      | Noticed Erica
  4876 | D:8      | Noticed Gastronok
  4884 | D:8      | HP: 2/89 [Erica/lance of force (17)]
  4884 | D:8      | Collided with a rock wall

Illustrated notes

Levels and vault maps discovered:
D:1:      spicycebolla_arrival_xxxplode, layout_basic,
          ebering_ecumenical_altar_box
D:2:      layout_loops_ring, minmay_tromino_v4_c, uniq_terence
D:3:      layout_basic, ebering_dispersal_statue_hall, uniq_grinder
D:4:      layout_basic, ebering_ghost_sewer_d, hangedman_decor_slide_cut,
          uniq_duvessa
D:5:      layout_gridville, kb_xom_exploding_sheep, minmay_temple_entry_mist,
          chequers_decorated_corner, minmay_manual_mail, uniq_blork_the_orc
D:6:      layout_loops_ring, slow_altar_1, uniq_maggie, uniq_sigmund
D:7:      layout_loops_ring, gammafunk_ghost_berserking_beasts,
          nicolae_elemental_shop, uniq_menkaure
D:8:      layout_loops_ring, uniq_gastronok, uniq_maurice, uniq_pikel,
          uniq_erica, uniq_psyche
D:9:      cheibrodos_histonic, layout_small_grid, nzn_makhleb_speed_demon,
          erik_lair_orcish_takeover, enter_bailey_4
Temple:   nicolae_temple_bog_church

Skill      XL: |  1  2  3  4  5  6  7  8  9 |
---------------+----------------------------+-----
Shields        | 3 4 5 6 |  6.6
Unarmed Combat | 3 4 5 6 8 9 |  9.7
Fighting       | 3 4 5 6 |  6.1
Dodging        | |  2.4

Action                   |  1- 3 |  4- 6 |  7- 9 || total
-------------------------+-------+-------+-------++-------
Melee: Unarmed           |    89 |   117 |   173 ||   379
Throw: Javelin           |       |     1 |     5 ||     6
Invok: Lunge             |       |     3 |    15 ||    18
       Whirlwind         |       |       |     3 ||     3
  Use: Potion            |       |     7 |     1 ||     8
       Scroll            |       |     4 |       ||     4
 Stab: Sleeping          |       |       |     1 ||     1
       Invisible         |       |       |     1 ||     1
Armor: Robe              |    34 |    38 |    11 ||    83
       Swamp dragon scal |       |       |    11 ||    11
Dodge: Dodged            |    32 |    49 |    28 ||   109
Block: Kite shield       |    39 |    38 |    45 ||   122
